 Dungeon Sprint DCSS version 0.30.1-11-g7821555f0a (webtiles) character file.

Game seed: 13084603595171245402

258 Heoruswealwe the Spear-Bearer (level 5, -3/53 HPs)
             Began as a Minotaur Fighter on Dec 3, 2023.
             Was an Initiate of Gozag.
             Slain by a hornet (6 damage)
             ... in the Dungeon (Sprint IX: "|||||||||||||||||||||||||||||").
             The game lasted 00:01:01 (105 turns).

Heoruswealwe the Spear-Bearer (Minotaur Fighter)     Turns: 105, Time: 00:01:03

Health: -3/53      AC:  8    Str: 22    XL:     5   Next: 94%
Magic:  4/4        EV:  9    Int:  5    God:    Gozag
Gold:   0          SH:  4    Dex: 10    Spells: 4/4 levels left

rFire   . . .        a - +0 trident
rCold   . . .        d - +0 buckler
rNeg    . . .        c - +0 scale mail
rPois   .            (helmet restricted)
rElec   .            (no cloak)
rCorr   .            (no gloves)
SInv    .            (no boots)
Will    .....        (no amulet) Stlth
                     (no ring)
HPRegen 0.28/turn    (no ring)
MPRegen 0.09/turn

%: no teleportation
@: slowed, very slow
A: horns 2, retaliatory headbutt
a: Renounce Religion, Potion Petition, Call Merchant, Bribe Branch


You were in the Dungeon.
You worshipped Gozag.
Gozag was noncommittal.
You visited 1 branch

Inventory:

Hand Weapons
 a - a +0 trident (weapon)
Armour
 c - a +0 scale mail (worn)
 d - a +0 buckler (worn)
Jewellery
 k - a +3 ring of dexterity
 l - a +3 ring of dexterity
Wands
 h - a wand of light (10)
Scrolls
 j - 2 scrolls of blinking
Potions
 b - a potion of might
 e - 5 potions of curing
 f - 3 potions of heal wounds
 g - a potion of haste
 i - a potion of berserk rage


   Skills:
 + Level 8.2 Fighting
 * Level 10.7 Polearms
 + Level 8.2 Armour
 - Level 3.6 Shields


You had 4 spell levels left.
You didn't know any spells.
Your spell library was empty.

Dungeon Overview and Level Annotations

Branches:
Dungeon (1/1)

Altars:
Cheibriados
Dithmenos
Elyvilon
Fedhas
Gozag
Hepliaklqana
Kikubaaqudgha
Makhleb
Nemelex Xobeh
Okawaru
Qazlal
Ru
Sif Muna
Trog
Uskayaw
Vehumet
Wu Jian
Xom
Yredelemnul
Zin
The Shining One
Jiyva
Lugonu


Innate Abilities, Weirdness & Mutations

You have a pair of horns on your head.
You reflexively headbutt those who attack you in melee.


Message History

You headbutt the acid dragon.
The acid dragon is heavily wounded.
The hornet is no longer distracted by gold.
The killer bee is distracted by your dazzling golden aura.
The acid dragon barely misses you. You furiously retaliate!
You headbutt the acid dragon. The acid dragon claws you.
The killer bee buzzes angrily.
You puncture the acid dragon!
You kill the acid dragon!
The hornet stings you.
You feel yourself slow down.
Your Fighting skill increases to level 8!
Your Polearms skill increases to level 10!
Your Armour skill increases to level 8!
You puncture the hornet! Your headbutt misses the hornet.
The hornet is moderately wounded.
The hornet stings you but does no damage.
The hornet barely misses you.
You hit the hornet but do no damage. You headbutt the hornet.
The hornet is heavily wounded.
You feel yourself speed up. You block the hornet's attack.
You closely miss the hornet.
The hornet is heavily wounded.
The hornet stings you!
* * * LOW HITPOINT WARNING * * *
You feel yourself slow down. The hornet barely misses you.
You puncture the hornet! Your headbutt misses the hornet.
The hornet is almost dead.
You feel yourself speed up.
The killer bee is no longer distracted by gold.
You block the hornet's attack.
The troll is distracted by your dazzling golden aura.
The troll shouts!
You hit the hornet. Your headbutt misses the hornet.
The hornet is almost dead.
The hornet stings you!
* * * LOW HITPOINT WARNING * * *
You feel yourself slow down. The hornet stings you.
You die...
Your body crumbles into a pile of gold.

$
▓.▓
$
▓.▓
$ $
▓y▓
$
▓T▓
$
▓.▓
▓y▓
$
▓y▓
▓@▓
$
▓.▓
▓[▓
$
▓[▓
▓[▓
$
▓.▓
$
▓)▓
$
▓?▓
$
▓!▓


You could see a troll, a hornet and 2 killer bees.

Vanquished Creatures
  An acid dragon (D)
  A scorpion (D)
  A wight (D)
  An iguana (D)
  An adder (D)
  An ufetubus (D)
  An orc (D)
  3 ball pythons (D)
  A bat (D)
  A frilled lizard (D)
12 creatures vanquished.

Notes
Turn   | Place    | Note
-------+----------+-------------------------------------------
     0 | D        | Heoruswealwe the Minotaur Fighter began the quest for the
                  | Orb.
     0 | D        | Reached XP level 1. HP: 19/19 MP: 0/0
     7 | D        | Reached skill level 3 in Polearms
    18 | D        | Noticed a scorpion
    18 | D        | Noticed an iguana
    23 | D        | Reached skill level 4 in Polearms
    25 | D        | Reached XP level 2. HP: 28/28 MP: 1/1
    30 | D        | Reached skill level 5 in Fighting
    30 | D        | Reached skill level 6 in Polearms
    30 | D        | Reached skill level 5 in Armour
    30 | D        | Reached XP level 3. HP: 35/36 MP: 2/2
    39 | D        | Killed a scorpion
    40 | D        | Reached skill level 8 in Polearms
    40 | D        | Reached XP level 4. HP: 33/45 MP: 3/3
    46 | D        | Found a snail-covered altar of Cheibriados.
    46 | D        | Found a shadowy altar of Dithmenos.
    46 | D        | Found a white marble altar of Elyvilon.
    46 | D        | Found a blossoming altar of Fedhas.
    46 | D        | Found an opulent altar of Gozag.
    47 | D        | Found a hazy altar of Hepliaklqana.
    48 | D        | Found a viscous altar of Jiyva.
    49 | D        | Found an ancient bone altar of Kikubaaqudgha.
    50 | D        | Found a corrupted altar of Lugonu.
    51 | D        | Found a burning altar of Makhleb.
    52 | D        | Found a sparkling altar of Nemelex Xobeh.
    53 | D        | Found an iron altar of Okawaru.
    54 | D        | Became a worshipper of Gozag Ym Sagoz the Greedy
    55 | D        | Found a stormy altar of Qazlal.
    56 | D        | Found a sacrificial altar of Ru.
    57 | D        | Found a shimmering blue altar of Sif Muna.
    58 | D        | Found a bloodstained altar of Trog.
    59 | D        | Found a hide-covered altar of Uskayaw.
    60 | D        | Found a radiant altar of Vehumet.
    61 | D        | Found an ornate altar of the Wu Jian Council.
    62 | D        | Found a shimmering altar of Xom.
    63 | D        | Found a basalt altar of Yredelemnul.
    64 | D        | Found a glowing silver altar of Zin.
    65 | D        | Found a glowing golden altar of the Shining One.
    89 | D        | Noticed a troll
    89 | D        | Noticed a hornet
    89 | D        | Noticed an acid dragon
    93 | D        | Reached skill level 9 in Polearms
    93 | D        | Reached XP level 5. HP: 39/52 MP: 4/4
   100 | D        | Killed an acid dragon
   101 | D        | Reached skill level 10 in Polearms
   105 | D        | Slain by a hornet

Illustrated notes

Levels and vault maps discovered:
D:        linesprint [early_d, line_temple, items_1, d_10, items_2, lair_1,
          lair_end, items_3, orc_1, orc_end, items_4, d_15, swamp_1, shoals_1,
          snake_1, spider_1, d_20, vaults_1, items_5, swamp_end, shoals_end,
          snake_end, spider_end, vaults_end, d_27, items_6, zot_1, zot_end,
          crypt_end, forest_end, elf_end, slime_end, tomb_end, abyss_end,
          pan_hell_end]

Skill      XL: |  1  2  3  4  5 |
---------------+----------------+-----
Polearms       | 4 6 8 9 10 | 10.7
Fighting       | 4 5 6 7 8 |  8.2
Armour         | 4 5 6 7 8 |  8.2
Shields        | |  3.6

Action                     |  1- 3 |  4- 6 || total
---------------------------+-------+-------++-------
  Melee: Trident           |    28 |    16 ||    44
         Headbutt          |     6 |     4 ||    10
 Armour: Scale mail        |     9 |     3 ||    12
  Dodge: Dodged            |    14 |     4 ||    18
  Block: Buckler           |     8 |     5 ||    13
